 Dungeon Sprint DCSS version 0.30.1 (webtiles) character file.

Game seed: 12325803433671156762

1400000 BreadTh the Sneak (level 1, -66/10 HPs)
             Began as a Spriggan Brigand on July 11, 2023.
             Was a Follower of Makhleb.
             Annihilated by a meat berserker
             ... wielding a +9 battleaxe
              (76 damage)
             ... in the Dungeon (Sprint VIII: "Arena of Blood").
             The game lasted 00:00:57 (14 turns).

BreadTh the Sneak (Spriggan Brigand)                  Turns: 14, Time: 00:00:57

Health: -66/10     AC:  3    Str:  7    XL:     1   Next: 0%
Magic:  2/2        EV: 16    Int: 12    God:    Makhleb [*.....]
Gold:   0          SH:  0    Dex: 16    Spells: 0/0 levels left

rFire   . . .        l - +∞ Axe of Woe
rCold   . . .        (shield currently unavailable)
rNeg    . . .        b - +0 robe
rPois   .            (helmet restricted)
rElec   .            c - +0 cloak
rCorr   .            (gloves unavailable)
SInv    +            (boots unavailable)
Will    .....        (no amulet)
Stlth   +++          (no ring)
HPRegen 0.21/turn    (no ring)
MPRegen 0.08/turn

%: no teleportation
@: very quick
A: very small, no large weapons, unfitting armour, see invisible, speed 3
a: Renounce Religion


You were in the Dungeon.
You worshipped Makhleb.
Makhleb was aware of your devotion.
You visited 1 branch

Inventory:

Hand Weapons
 l - the +∞ Axe of Woe (weapon)
   (You found it in the Dungeon)
Missiles
 d - 9 poisoned darts (quivered)
 e - 3 curare-tipped darts
Armour
 b - a +0 robe (worn)
 c - a +0 cloak (worn)
Scrolls
 k - a scroll of blinking
Potions
 f - a potion of curing
 g - a potion of heal wounds
 h - a potion of haste
 i - 2 potions of magic
 j - a potion of berserk rage


   Skills:
 * Level 1.5 Fighting
 - Level 2.1 Short Blades
 - Level 2.0 Throwing
 + Level 1.3 Dodging
 + Level 5.8 Stealth


You couldn't memorise any spells.
You didn't know any spells.
Your spell library was empty.

Dungeon Overview and Level Annotations

Branches:
Dungeon (1/1)

Altars:
Makhleb


Innate Abilities, Weirdness & Mutations

You are very small and have problems with some larger weapons.
You are too small for most types of armour.
You have supernaturally acute eyesight. (SInv)
You cover ground extremely quickly. (Speed+++)


Message History

2 bags of meat come into view.
You hear a shout!
A bag of meat comes into view. It is wielding a +9 war axe.
A meat berserker comes into view. It is wielding a +9 battleaxe. x2
You hear a shout!
The meat berserker rages.
You hear a shout! x2 2 bags of meat come into view.
The bag of meat shouts!
You hear a shout! x7
A bag of meat comes into view. It is wielding a +9 war axe.
You hear a shout!
The bag of meat moves out of view.
A destroyer comes into view. It is wielding a +9 heavy great sword.
The destroyer shouts!
You hit the meat berserker but do no damage.
You slaughter the meat berserker joyfully.
You kill the meat berserker!
Makhleb accepts your kill.
You hit the meat berserker but do no damage.
You slaughter the meat berserker joyfully.
You kill the meat berserker!
Makhleb accepts your kill.
You can now gain health from killing.
You hit the meat berserker.
You slaughter the meat berserker joyfully.
You kill the meat berserker!
Makhleb accepts your kill.
You slash the meat berserker!
You chop the meat berserker into pieces.
You kill the meat berserker!
Makhleb accepts your kill.
You hear a shout! x2
The meat berserker rages.
You hear a shout! x2
A meat berserker comes into view. It is wielding a +9 battleaxe.
You hear a shout! x2
A bag of meat comes into view. It is wielding a +9 war axe.
You hear a shout! x7
The meat berserker hits you with a +9 battleaxe!!!!
Ouch! That really hurt!
You die...

.. ..... #.
...#........... #..
....# ..........# .###..
....###.......o.V
......###..........o..#
......_..............
#.....#.......#.#.o.
#_.<._#....)O.o..o..
.#.....#...o.@#.#.#
....O._.......)O.......
..o...###.........#.#.#.
o###.......###..o.....
#.......# .o.........
#.......#.......O....
.....................
........o...#...#...
...........#....#..


You could see a destroyer, 3 meat berserkers and 8 bags of meat.

Vanquished Creatures
  4 ogres (D)
4 creatures vanquished.

Notes
Turn   | Place    | Note
-------+----------+-------------------------------------------
     0 | D        | Found the +∞ Axe of Woe
     0 | D        | BreadTh the Spriggan Brigand began the quest for the Orb.
     0 | D        | Reached XP level 1. HP: 10/10 MP: 2/2
     2 | D        | Noticed a bag of meat
     3 | D        | Noticed a bag of meat
     5 | D        | Became a worshipper of Makhleb the Destroyer
     8 | D        | Noticed a meat berserker
     8 | D        | Noticed a meat berserker
     9 | D        | Noticed a bag of meat
     9 | D        | Noticed a meat berserker
     9 | D        | Noticed a meat berserker
    10 | D        | Noticed a meat berserker
    10 | D        | Noticed a meat berserker
    10 | D        | Noticed a meat berserker
    11 | D        | Noticed a bag of meat
    11 | D        | Noticed a bag of meat
    11 | D        | Noticed a bag of meat
    11 | D        | Noticed a meat berserker
    11 | D        | Noticed a meat berserker
    13 | D        | Noticed a bag of meat
    13 | D        | Noticed a bag of meat
    13 | D        | Noticed a bag of meat
    14 | D        | Noticed a destroyer
    14 | D        | Killed a meat berserker
    14 | D        | Killed a meat berserker
    14 | D        | Reached * piety under Makhleb
    14 | D        | Killed a meat berserker
    14 | D        | Killed a meat berserker
    14 | D        | Noticed a meat berserker
    14 | D        | Noticed a bag of meat
    14 | D        | Annihilated by a meat berserker

Illustrated notes

Levels and vault maps discovered:
D:        meatsprint

Action                     || total
---------------------------++-------
  Melee: Broad axe         ||     1
